[Event "*** Qualifier 2: Titled Tuesday 3|2 Blitz"]
[Site "Chess.com"]
[Date "2017.04.11"]
[Round "1"]
[White "Ilja_Semjonovs"]
[Black "Blitzstream"]
[Result "0-1"]
[WhiteElo "2169"]
[BlackElo "2486"]
[TimeControl "180+2"]
[EndTime "13:03:21 PDT"]
[Termination "Blitzstream won by resignation"]

1. e4 d5 2. exd5 Qxd5 3. Nc3 Qa5 4. d4 Nf6 5. Nf3 Nc6 6. h3 Bf5 7. g4 Bg6 8. Bd2 O-O-O 9. Nb5 Qb6 10. c3 e5 11.
Nxe5 Nxe5 12. dxe5 Ne4 13. Nd4 Nxd2 14. Qxd2 c5 15.
f4 Be4 16. Bg2 Bxg2 17. Qxg2 cxd4 18. O-O-O Bc5 19. Qe4 dxc3 20. bxc3 Ba3+ 0-1

[Event "*** Qualifier 2: Titled Tuesday 3|2 Blitz"]
[Site "Chess.com"]
[Date "2017.04.11"]
[Round "1"]
[White "RobertoJBM"]
[Black "XiaoKangZhong"]
[Result "1-0"]
[WhiteElo "2400"]
[BlackElo "1940"]
[TimeControl "180+2"]
[EndTime "13:03:29 PDT"]
[Termination "RobertoJBM won by resignation"]

1. d4 Nf6 2. c3 g6 3. Bf4 Bg7 4.
Nd2 d5 5. Ngf3 O-O 6. e3 b6 7. h3 Bb7 8. Bd3 Nbd7 9. O-O Rc8 10. Qe2 c5 11. Rfe1 Re8 12. Rad1 e6 13. Bh2 c4 14. Bc2 b5 15. e4 Nb6 16. e5 Nfd7 17.
h4 h5 18. Bf4 a5 19. Qe3 b4 20. Bg5 Qc7 21. Bh6 Nf8 22. Bxg7 Kxg7 23. Ng5 Nh7 24.
Nxh7 Kxh7 25. Qg5 Kh8 26. Qh6+ Kg8 27. Re3 Qe7 28. Rg3 Qf8 29. Qxh5 Qg7 30. Bxg6 fxg6 31.
Rxg6 Rc7 32. Rxg7+ Rxg7 33. Qxe8+ 1-0

[Event "*** Qualifier 2: Titled Tuesday 3|2 Blitz"]
[Site "Chess.com"]
[Date "2017.04.11"]
[Round "1"]
[White "FLchessplayer"]
[Black "johnathan113"]
[Result "0-1"]
[WhiteElo "2012"]
[BlackElo "2404"]
[TimeControl "180+2"]
[EndTime "13:03:52 PDT"]
[Termination "johnathan113 won by resignation"]

1. d4 Nf6 2. Nf3 g6 3. Nc3 Bg7 4. e4 d5 5. e5 Ne4 6. h3 c5 7. dxc5 Nxc3 8. bxc3 Nc6 9. Bf4 Qa5 10. Qd2 O-O 11. Rb1 Qxa2 12. Rc1 Qa3 13. Be2 Qxc5 14. Ra1 Bf5 15. O-O Be4 16. Rfb1 Bxf3 17. Bxf3 Nxe5 18.
Bxd5 Rad8 19. c4 Nxc4 20. Bxc4 Rxd2 21. Bxd2 Bxa1 0-1

[Event "*** Qualifier 2: Titled Tuesday 3|2 Blitz"]
[Site "Chess.com"]
[Date "2017.04.11"]
[Round "1"]
[White "evgenysharapov"]
[Black "Buffy7"]
[Result "1-0"]
[WhiteElo "2285"]
[BlackElo "2514"]
[TimeControl "180+2"]
[EndTime "13:04:12 PDT"]
[Termination "evgenysharapov won by resignation"]

1. e4 c5 2. Nf3 e6 3. d4 cxd4 4. Nxd4 Nc6 5. Nc3 Qc7 6. Be3 a6 7. Qf3 d6 8. O-O-O Bd7 9. g4 Rb8 10. Kb1 b5 11. g5 b4 12. Nce2 Ne5 13. Qg3 Nc4 14. Bc1 g6 15. f4 Bg7 16. f5 Be5 17. Qd3 Ne7 18. fxe6 fxe6 19. Bh3 a5 20.
Bxe6 Na3+ 21. Ka1 Nxc2+ 22. Qxc2 1-0

[Event "*** Qualifier 2: Titled Tuesday 3|2 Blitz"]
[Site "Chess.com"]
[Date "2017.04.11"]
[Round "1"]
[White "Mepetmepe"]
[Black "Keranke"]
[Result "0-1"]
[WhiteElo "2362"]
[BlackElo "2668"]
[TimeControl "180+2"]
[EndTime "13:04:21 PDT"]
[Termination "Keranke won by resignation"]

1. Nf3 g6 2. d4 Bg7 3. c4 Nf6 4.
Nc3 O-O 5. e4 d6 6. h3 a6 7. Be3 c5 8. d5 b5 9. Qc2 Qa5 10. Bd2 b4 11. Nd1 e6 12. Be2 exd5 13.
exd5 Bf5 14. Qc1 Ne4 15. Ne3 Nxd2 16. Qxd2 Bc8 17. O-O Nd7 18. a3 Qb6 19. a4 b3 20.
Ra3 Rb8 21. Rb1 Qb4 22. Bd3 Ne5 23. Nxe5 Qxd2 24. Be2 Bxe5 0-1

[Event "*** Qualifier 2: Titled Tuesday 3|2 Blitz"]
[Site "Chess.com"]
[Date "2017.04.11"]
[Round "1"]
[White "JaimeSantosLatasa"]
[Black "sorito"]
[Result "0-1"]
[WhiteElo "2536"]
[BlackElo "2287"]
[TimeControl "180+2"]
[EndTime "13:04:27 PDT"]
[Termination "sorito won by resignation"]

1. e4 d6 2. d4 Nf6 3. Nc3 c6 4.
f4 Qa5 5. Bd3 e5 6. Nf3 Bg4 7.
Be3 Nbd7 8. h3 Bh5 9. g4 exf4 10. Bxf4 Bg6 11. Qe2 Be7 12. O-O-O O-O-O 13. Kb1 Rhe8 14. Qh2 Nb6 15. Rhe1 Na4 16. Nxa4 Qxa4 17. c3 Bf8 18. e5 Bxd3+ 19. Rxd3 Nd5 20. Bg5 f6 21. exf6 gxf6 22. Bc1 Qb5 23. Qc2 Rxe1 24. Nxe1 Re8 25. Nf3 Nb6 26. Qd1 h5 27. Re3 Rxe3 28. Bxe3 hxg4 29. hxg4 Nc4 30. Bc1 Qd5 31. b3 Qe4+ 32. Ka1 Nb6 33. Nh4 Nd5 34. Bd2 Ne3 35. Bxe3 Qxe3 36. c4 d5 37. Nf5 Qc3+ 38. Kb1 Ba3 0-1

[Event "*** Qualifier 2: Titled Tuesday 3|2 Blitz"]
[Site "Chess.com"]
[Date "2017.04.11"]
[Round "1"]
[White "Aygehovit1992"]
[Black "luisgui16"]
[Result "1-0"]
[WhiteElo "2441"]
[BlackElo "2111"]
[TimeControl "180+2"]
[EndTime "13:04:33 PDT"]
[Termination "Aygehovit1992 won by resignation"]

1. e4 g6 2. d4 Bg7 3. Nc3 d6 4.
Nf3 Nc6 5. Be2 Bg4 6. Be3 Bxf3 7. Bxf3 e5 8. d5 Nce7 9. h4 f5 10. h5 Bh6 11. hxg6 hxg6 12. Qe2 Qd7 13. g4 O-O-O 14. g5 Bg7 15. Rxh8 Bxh8 16. Bxa7 fxe4 17. Bxe4 Qh3 18. Be3 Nf5 19. O-O-O Nd4 20. Qc4 Ne7 21. Qa4 b6 22. Rh1 Qg4 23. Rxh8 Rxh8 24. Qa8+ Kd7 25.
Qxh8 Qg1+ 26. Kd2 Ndf5 27. Bxf5+ gxf5 28. Qh3 Kd8 29. f4 Qb1 30. Nxb1 1-0

[Event "*** Qualifier 2: Titled Tuesday 3|2 Blitz"]
[Site "Chess.com"]
[Date "2017.04.11"]
[Round "1"]
[White "jcgs1030"]
[Black "Indianlad"]
[Result "0-1"]
[WhiteElo "2296"]
[BlackElo "2582"]
[TimeControl "180+2"]
[EndTime "13:04:37 PDT"]
[Termination "Indianlad won by resignation"]

1. e4 c5 2. Nc3 a6 3. Nf3 b5 4. d4 cxd4 5. Nxd4 Bb7 6. a3 e6 7. g3 h5 8. Bg2 h4 9. O-O hxg3 10.
hxg3 d6 11. Re1 Nd7 12. f4 Rc8 13. f5 e5 14. Nde2 Qb6+ 15. Kf1 Ngf6 16. Bf3 Rh2 17. Nd4 Qxd4 18. Be3 Qxd1 19. Raxd1 Rxc2 20. Re2 Rxe2 21. Kxe2 Nc5 22. Bxc5 dxc5 23. g4 b4 24. Na4 Rd8 25. Rxd8+ Kxd8 26. Ke3 Kc7 0-1

[Event "*** Qualifier 2: Titled Tuesday 3|2 Blitz"]
[Site "Chess.com"]
[Date "2017.04.11"]
[Round "1"]
[White "ruvat"]
[Black "GrigorGrigorov"]
[Result "0-1"]
[WhiteElo "2205"]
[BlackElo "2498"]
[TimeControl "180+2"]
[EndTime "13:04:39 PDT"]
[Termination "GrigorGrigorov won by resignation"]

1. d4 Nf6 2. c4 e6 3. g3 c5 4. d5 exd5 5. cxd5 d6 6. Nc3 g6 7. Bg2 Bg7 8. Nf3 O-O 9. O-O a6 10. a4 Nbd7 11. Bf4 Qe7 12. h3 Nh5 13. Bg5 f6 14. Bd2 f5 15. Ng5 Ne5 16. Ne6 Bxe6 17. dxe6 Nf6 18. Nd5 Nxd5 19. Bxd5 Nc6 20. e4 fxe4 21.
Re1 Bd4 22. Rxe4 Bxf2+ 23. Kg2 Bd4 24. Rxd4 Nxd4 25. Qg4 Rf5 26. Qe4 Re5 0-1

[Event "*** Qualifier 2: Titled Tuesday 3|2 Blitz"]
[Site "Chess.com"]
[Date "2017.04.11"]
[Round "1"]
[White "feigelag"]
[Black "GamayevOleg"]
[Result "1-0"]
[WhiteElo "2140"]
[BlackElo "2408"]
[TimeControl "180+2"]
[EndTime "13:05:00 PDT"]
[Termination "feigelag won by resignation"]

1. d4 g6 2. c4 Bg7 3. Nf3 d6 4. Nc3 Nd7 5. e4 e5 6. Be2 Ne7 7. O-O O-O 8. Be3 c6 9. dxe5 Nxe5 10. Nxe5 dxe5 11. c5 Be6 12. Qc2 Qc7 13. b4 Rad8 14. Rfd1 Rxd1+ 15. Rxd1 Rd8 16. a4 a6 17. f3 f6 18. Nb1 Rxd1+ 19. Qxd1 Qd7 20. Qxd7 Bxd7 21. Na3 Kf8 22. Nc4 Nc8 23. Na5 Ke7 24. Nxb7 Bf8 25.
Bxa6 Na7 26. Bc4 Bc8 27. Nd6 Kd7 28. b5 cxb5 29. axb5 Kd8 30. Nf7+ Ke8 31. Nd6+ Kd8 32. Nxc8 Nxc8 33. b6 Ne7 34. Bb5 f5 35. c6 f4 36.
c7+ Kc8 37. Ba6+ Kd7 38. Bc5 Nc8 39. Bxc8+ Kxc8 40. Bxf8 1-0

[Event "*** Qualifier 2: Titled Tuesday 3|2 Blitz"]
[Site "Chess.com"]
[Date "2017.04.11"]
[Round "1"]
[White "RichardLeyvaP"]
[Black "Sebastian"]
[Result "0-1"]
[WhiteElo "2371"]
[BlackElo "2693"]
[TimeControl "180+2"]
[EndTime "13:05:04 PDT"]
[Termination "Sebastian won by resignation"]

1. e4 e5 2. Nc3 Nc6 3. g3 Bc5 4. Bg2 d6 5. d3 a6 6. Nf3 Nge7 7.
O-O O-O 8. Be3 Bxe3 9. fxe3 f6 10. Nh4 Be6 11. Nd5 Bf7 12. Qe2 Nxd5 13. exd5 Ne7 14.
c4 c6 15. e4 b5 16. b3 bxc4 17. dxc4 a5 18. Qe3 Qc7 19. Rfd1 c5 20. a4 Rab8 21. Rd3 Be8 22. Bh3 Bd7 23. Bxd7 Qxd7 24. Rf1 f5 25. exf5 Nxf5 26. Nxf5 Rxf5 27. Rxf5 Qxf5 28. Qf3 Qg6 29. Re3 Qb1+ 30. Kg2 Qc2+ 31. Qf2 Qb1 32. Qf5 Qxf5 0-1

[Event "*** Qualifier 2: Titled Tuesday 3|2 Blitz"]
[Site "Chess.com"]
[Date "2017.04.11"]
[Round "1"]
[White "MyleneFarmer"]
[Black "Gabrielian_Artur"]
[Result "0-1"]
[WhiteElo "2314"]
[BlackElo "2616"]
[TimeControl "180+2"]
[EndTime "13:05:27 PDT"]
[Termination "Gabrielian_Artur won on time"]

1. d4 Nf6 2. Nf3 g6 3. c4 Bg7 4. g3 O-O 5. Bg2 d5 6. O-O dxc4 7. Na3 c3 8. bxc3 c5 9. e3 Nc6 10. Nc4 Nd5 11. Bb2 Nb6 12. Nxb6 axb6 13. Qc2 Bf5 14. e4 Bg4 15. Rfd1 Qc8 16. d5 Ne5 17. Qe2 f5 18. h3 fxe4 19. hxg4 exf3 20. Qe3 fxg2 21. Kxg2 Nxg4 22. Qe2 Rxf2+ 23. Qxf2 Nxf2 24. Kxf2 Qf5+ 0-1

[Event "*** Qualifier 2: Titled Tuesday 3|2 Blitz"]
[Site "Chess.com"]
[Date "2017.04.11"]
[Round "1"]
[White "ehrenfeld"]
[Black "Konavets"]
[Result "0-1"]
[WhiteElo "2313"]
[BlackElo "2614"]
[TimeControl "180+2"]
[EndTime "13:05:29 PDT"]
[Termination "Konavets won by resignation"]

1. e4 e6 2. d3 d5 3. Qe2 d4 4. f4 c5 5. Nf3 Nc6 6. g3 Nf6 7. Bg2 Be7 8. O-O O-O 9. a4 b6 10. Na3 Ba6 11. Bd2 Rc8 12. Nc4 Ne8 13. e5 Nc7 14. g4 Nd5 15. f5 Re8 16. Rae1 Ncb4 17. Bc1 Qd7 18. f6 Bf8 19. fxg7 Bxg7 20. Ng5 Rf8 21. Qe4 f5 22. exf6 Nxf6 23. Rxf6 Bxf6 24.
Nxe6 Rf7 25. g5 Bg7 26. g6 hxg6 27. Ng5 Nxc2 28. Re2 Bxc4 29. Rxc2 Re8 30. dxc4 Rxe4 31. Bxe4 Qg4+ 0-1

[Event "*** Qualifier 2: Titled Tuesday 3|2 Blitz"]
[Site "Chess.com"]
[Date "2017.04.11"]
[Round "1"]
[White "justantan"]
[Black "ViIIagra"]
[Result "0-1"]
[WhiteElo "2186"]
[BlackElo "2494"]
[TimeControl "180+2"]
[EndTime "13:05:35 PDT"]
[Termination "ViIIagra won by resignation"]

1. e4 c5 2. Nf3 d6 3. d4 cxd4 4. Nxd4 Nf6 5. Nc3 Nc6 6. Bg5 e6 7. Qd2 a6 8. O-O-O h6 9. Nxc6 bxc6 10. Bf4 d5 11. Qe3 Bb4 12. Be2 O-O 13. e5 Nh7 14. h4 Kh8 15. Rh3 c5 16. Ne4 f5 17.
exf6 Nxf6 18. Nxc5 Bxc5 19. Qxc5 Ne4 20. Qe3 e5 21.
Bxe5 Qe7 22. Qxh6+ Kg8 23. Qc6 Qxe5 24. Rxd5 Qf4+ 0-1

[Event "*** Qualifier 2: Titled Tuesday 3|2 Blitz"]
[Site "Chess.com"]
[Date "2017.04.11"]
[Round "1"]
[White "GMMelik"]
[Black "FelixBlohberger"]
[Result "1-0"]
[WhiteElo "2504"]
[BlackElo "2217"]
[TimeControl "180+2"]
[EndTime "13:05:39 PDT"]
[Termination "GMMelik won by resignation"]

1. e4 c5 2. Nf3 d6 3. d4 cxd4 4.
Nxd4 Nf6 5. Nc3 a6 6. a4 e5 7. Nf3 Be7 8. Bc4 O-O 9. O-O Qc7 10. Ba2 Nc6 11. Bg5 Be6 12. Bxf6 Bxf6 13. Nd5 Qd8 14. c3 Be7 15. b4 Kh8 16. a5 f5 17.
Nd2 Bg5 18. Nb6 Bxa2 19. Rxa2 Rb8 20. exf5 Rxf5 21. Ne4 d5 22. Qxd5 Qxd5 23. Nxd5 Rd8 24.
Rd1 Ne7 25. c4 Rf4 26. Nxg5 Rxc4 27. Nf7+ Kg8 1-0

[Event "*** Qualifier 2: Titled Tuesday 3|2 Blitz"]
[Site "Chess.com"]
[Date "2017.04.11"]
[Round "1"]
[White "ulises2013"]
[Black "Cayse"]
[Result "0-1"]
[WhiteElo "2299"]
[BlackElo "2587"]
[TimeControl "180+2"]
[EndTime "13:05:44 PDT"]
[Termination "Cayse won by resignation"]

1. e4 e5 2. Nf3 Nc6 3. Bc4 Nf6 4. d3 Be7 5. Nc3 O-O 6. O-O d6 7. Bg5 Na5 8. Bb3 a6 9. h3 h6 10. Bh4 Nxb3 11. axb3 Be6 12. Bxf6 Bxf6 13. d4 exd4 14.
Nxd4 Qe7 15. Re1 Be5 16. Qd2 Qf6 17. Nf3 Bf4 18. Qd4 Qg6 19. Nh4 Qh5 20. g3 Bxh3 21. Nd5 Bg5 22. e5 Bxh4 23. Qxh4 Qxh4 24. gxh4 dxe5 25.
Kh2 Be6 26. Nxc7 Rac8 27. Nxe6 fxe6 28. Re2 Rf4 29. Ra5 Rxh4+ 30. Kg3 Rh5 31. Raxe5 Rxe5 32. Rxe5 Rxc2 33. Rxe6 Kf7 34. Rb6 Rc7 35. b4 Ke7 36. b5 a5 37. Rg6 Kd8 38. f3 Rd7 39. b6 Ke8 40. Re6+ Kf7 41. Re5 Rd2 42. Rb5 Ke6 43.
Kf4 Rd4+ 44. Ke3 Rb4 45. Rxa5 Rxb2 46. Ra8 Rxb6 47. Rg8 Kf7 48. Rd8 Re6+ 49. Kf4 Re7 50. Rb8 Kg6 51. Kg4 Rf7 52. f4 Kf6 53. Rd8 Ke6 54. Re8+ Kd6 55. Rc8 b5 56. f5 Rb7 57.
Rc3 b4 0-1

[Event "*** Qualifier 2: Titled Tuesday 3|2 Blitz"]
[Site "Chess.com"]
[Date "2017.04.11"]
[Round "1"]
[White "djano"]
[Black "DagurR"]
[Result "1-0"]
[WhiteElo "2228"]
[BlackElo "2438"]
[TimeControl "180+2"]
[EndTime "13:05:46 PDT"]
[Termination "djano won by checkmate"]

1. d4 f5 2. Bf4 Nf6 3. e3 g6 4. h4 h6 5. Nd2 Bg7 6. Bc4 e6 7. Qe2 d6 8. O-O-O Qe7 9. Kb1 Nc6 10.
f3 Na5 11. Bd3 e5 12. dxe5 dxe5 13. Bh2 O-O 14. Nb3 Nxb3 15. axb3 e4 16. Bc4+ Kh8 17. Nh3 a6 18. Nf4 Qe8 19. h5 Nxh5 20. Nxh5 gxh5 21.
Bxc7 b5 22. Bd5 Ra7 23. Bd6 Rf6 24. Bf4 a5 25. fxe4 fxe4 26. Rxh5 a4 27. Be5 Rf5 28. Rxh6# 1-0

[Event "*** Qualifier 2: Titled Tuesday 3|2 Blitz"]
[Site "Chess.com"]
[Date "2017.04.11"]
[Round "1"]
[White "Hikaru"]
[Black "Bugcrusher"]
[Result "1-0"]
[WhiteElo "2910"]
[BlackElo "2388"]
[TimeControl "180+2"]
[EndTime "13:05:50 PDT"]
[Termination "Hikaru won by resignation"]

1. d4 d5 2. c4 c6 3. Nc3 Nf6 4. cxd5 cxd5 5. Bf4 Qb6 6. e3 e6 7. Bd3 Qxb2 8. Nge2 Qb6 9. O-O Be7 10. Nb5 Na6 11. Rc1 O-O 12. Nc7 Nxc7 13. Bxc7 Qb4 14. Rb1 Qa3 15. Rb3 Qa4 16. Bb5 Bd7 17. Bxa4 Bxa4 18. Nc3 Bxb3 19. Qxb3 b6 20. Be5 Rfc8 21. Bxf6 Bxf6 22.
g4 Rc4 23. Ne4 Be7 24. Nd2 Rc7 25. Nf3 Rac8 26. Kg2 g6 27. Rd1 Rc3 28. Qb5 R8c7 29. Qe8+ Kg7 30. Ne5 Bf6 31. h4 Re7 32. Qb8 Bxh4 33.
Nf3 g5 34. Nxh4 1-0

[Event "*** Qualifier 2: Titled Tuesday 3|2 Blitz"]
[Site "Chess.com"]
[Date "2017.04.11"]
[Round "1"]
[White "Witik"]
[Black "abubakrtagelsir"]
[Result "1-0"]
[WhiteElo "2481"]
[BlackElo "2164"]
[TimeControl "180+2"]
[EndTime "13:05:53 PDT"]
[Termination "Witik won by resignation"]

1. d4 d5 2. Bf4 Nf6 3. e3 c5 4. c3 Nc6 5. Nd2 Qb6 6. Qb3 c4 7. Qc2 Bg4 8. b3 cxb3 9. axb3 e6 10. Ngf3 Rc8 11. Nh4 Be7 12. h3 Bh5 13. g4 Bg6 14.
Nxg6 hxg6 15. Be2 Nd7 16. Kf1 e5 17. dxe5 Ndxe5 18. Kg2 g5 19. Bg3 Ng6 20. Nf3 Nh4+ 21. Bxh4 gxh4 22. Rhd1 Rd8 23. b4 Qc7 24. Qb3 Qd6 25.
e4 Ne5 26. Rxd5 1-0

[Event "*** Qualifier 2: Titled Tuesday 3|2 Blitz"]
[Site "Chess.com"]
[Date "2017.04.11"]
[Round "1"]
[White "FearlessKing64"]
[Black "EvgenyT"]
[Result "0-1"]
[WhiteElo "2157"]
[BlackElo "2480"]
[TimeControl "180+2"]
[EndTime "13:06:01 PDT"]
[Termination "EvgenyT won by resignation"]

1. e4 c5 2. Nf3 d6 3. d4 cxd4 4.
Nxd4 Nf6 5. f3 e6 6. c4 Be7 7. Nc3 O-O 8. Be3 a6 9. Be2 Nbd7 10. O-O Qc7 11. Qd2 b6 12. Rac1 Bb7 13. Rfd1 Rac8 14. Bf1 Rfe8 15. Kh1 Qb8 16. Qf2 h6 17. Bd3 Ne5 18.
b3 Nxd3 19. Rxd3 b5 20. cxb5 d5 21. exd5 Nxd5 22. Nxd5 Rxc1+ 23. Bxc1 Bxd5 24. Nc6 Qxb5 25. Nxe7+ Rxe7 26. Rc3 Rd7 27. h3 Bb7 28. Be3 Rd1+ 29. Kh2 Qe5+ 30. Qg3 Rh1+ 0-1

[Event "*** Qualifier 2: Titled Tuesday 3|2 Blitz"]
[Site "Chess.com"]
[Date "2017.04.11"]
[Round "1"]
[White "TheLancer"]
[Black "Saitama_Hero"]
[Result "1-0"]
[WhiteElo "2480"]
[BlackElo "2158"]
[TimeControl "180+2"]
[EndTime "13:06:13 PDT"]
[Termination "TheLancer won by resignation"]

1. e4 d6 2. d4 Nf6 3. Nc3 c6 4.
a4 e5 5. Nf3 Qa5 6. Bd2 exd4 7.
Nxd4 Qb6 8. Nb3 Be6 9. Be3 Qc7 10. Nd4 Nbd7 11. Nxe6 fxe6 12. Be2 Be7 13. Bh5+ g6 14.
Bg4 Nxg4 15. Qxg4 O-O-O 16. Qxe6 Bf6 17. Qc4 Rhe8 18. O-O-O Bxc3 19. Qxc3 Rxe4 20. Rd4 Rde8 21. Rhd1 Rxd4 22. Qxd4 Nc5 23. b3 Rd8 24. Qf6 Ne4 25.
Qe6+ 1-0

[Event "*** Qualifier 2: Titled Tuesday 3|2 Blitz"]
[Site "Chess.com"]
[Date "2017.04.11"]
[Round "1"]
[White "Rating-Schmating"]
[Black "GM_Donatello"]
[Result "1/2-1/2"]
[WhiteElo "2250"]
[BlackElo "2505"]
[TimeControl "180+2"]
[EndTime "13:06:18 PDT"]
[Termination "Game drawn by repetition"]

1. e4 e5 2. Nf3 Nc6 3. d4 exd4 4. Nxd4 Bb4+ 5. c3 Bc5 6. Be3 Bb6 7. Bc4 Nf6 8. Nxc6 bxc6 9. Bxb6 axb6 10. Nd2 O-O 11. O-O d5 12. Bd3 Re8 13. Qc2 Qd6 14. Rfe1 Bg4 15. f3 Bh5 16. exd5 cxd5 17. a3 Bg6 18. Bxg6 hxg6 19. Nf1 Re7 20. Rxe7 Qxe7 21. Qd2 Re8 22. Ng3 Qc5+ 23. Qf2 Qb5 24. h3 c5 25. b4 Qc4 26. bxc5 bxc5 27. Qd2 Ra8 28. Ne2 Kh7 29.
Nf4 Ra4 30. Nd3 Ra5 31. Ne5 Qb3 32. Nxf7 Rxa3 33. Rxa3 Qxa3 34. Ng5+ Kh8 35. Qe3 Qa1+ 36. Kh2 Qa7 37. Qe5 Qd7 38. Qb8+ Ne8 39. f4 d4 40.
cxd4 cxd4 41. Qb3 d3 42. Nf7+ Kh7 43. Ng5+ Kh8 44. Nf7+ Kh7 45. Ng5+ Kh8 1/2-1/2

[Event "*** Qualifier 2: Titled Tuesday 3|2 Blitz"]
[Site "Chess.com"]
[Date "2017.04.11"]
[Round "1"]
[White "LawrenceTrent"]
[Black "aa175"]
[Result "1-0"]
[WhiteElo "2392"]
[BlackElo "1861"]
[TimeControl "180+2"]
[EndTime "13:06:22 PDT"]
[Termination "LawrenceTrent won by checkmate"]

1. e4 e5 2. Nf3 Nc6 3. Bb5 Nf6 4. O-O a6 5. Bxc6 dxc6 6. Nxe5 Bd6 7. d4 Bxe5 8. dxe5 Qxd1 9. Rxd1 Nxe4 10. f3 Nc5 11.
Be3 Ne6 12. Nc3 O-O 13. a4 b6 14. a5 b5 15. Ne4 Bb7 16. Nc5 Nxc5 17. Bxc5 Rfd8 18.
Kf2 Rd5 19. Rxd5 cxd5 20. Ke3 Bc8 21. Kd4 c6 22. Bd6 Bf5 23. c3 Ra7 24. Kc5 Bd3 25.
Kxc6 Bc4 26. Kb6 Rd7 27. Kxa6 f6 28. Kb6 fxe5 29. Bxe5 Re7 30. Bd6 Re2 31. a6 d4 32.
a7 Bd5 33. a8=Q+ Bxa8 34. Rxa8+ Kf7 35. cxd4 Rxb2 36. Be5 Rxg2 37. d5 Rg5 38. f4 Rg2 39.
Ra7+ Kg6 40. Rxg7+ Kh6 41. Rxg2 b4 42. d6 b3 43. d7 b2 44. Bxb2 Kh5 45. d8=Q Kh6 46. Qh4# 1-0

[Event "*** Qualifier 2: Titled Tuesday 3|2 Blitz"]
[Site "Chess.com"]
[Date "2017.04.11"]
[Round "1"]
[White "ftorodent"]
[Black "saraswathii"]
[Result "1-0"]
[WhiteElo "2493"]
[BlackElo "2169"]
[TimeControl "180+2"]
[EndTime "13:06:28 PDT"]
[Termination "ftorodent won by resignation"]

1. d4 d5 2. c4 c6 3. Nf3 Nf6 4.
Nc3 g6 5. cxd5 cxd5 6. Bf4 Nc6 7. e3 Bg7 8. h3 O-O 9. Bd3 Qb6 10.
Qe2 Nb4 11. Bb1 Bd7 12. O-O Nc6 13. Na4 Qa5 14. Nc5 Rac8 15. Nxb7 Qb6 16. Nc5 Rfd8 17. a3 Nh5 18. Bh2 Be8 19. b4 a5 20. b5 Na7 21. a4 Qf6 22. Ba2 Qb6 23. Rac1 Nf6 24. Ne5 e6 25. Bf4 Nh5 26. Bh2 Nf6 27. Rc2 Ne4 28.
Rfc1 Nd6 29. Bf4 f6 30. Ned3 Nf7 31. Bg3 e5 32. dxe5 Nxe5 33. Nxe5 fxe5 34. e4 Bf7 35. exd5 Bxd5 36. Bxd5+ Rxd5 37. Ne4 Rxc2 38. Qxc2 Qd4 39. Kh2 Rd7 40. f3 Qd5 41. Bf2 1-0

[Event "*** Qualifier 2: Titled Tuesday 3|2 Blitz"]
[Site "Chess.com"]
[Date "2017.04.11"]
[Round "1"]
[White "OparinGrigoriy"]
[Black "Tolya2"]
[Result "1-0"]
[WhiteElo "2627"]
[BlackElo "2328"]
[TimeControl "180+2"]
[EndTime "13:06:30 PDT"]
[Termination "OparinGrigoriy won by resignation"]

1. Nf3 Nf6 2. g3 d5 3. Bg2 e6 4. O-O Be7 5. c4 O-O 6. b3 b6 7.
Bb2 Bb7 8. e3 c5 9. Nc3 dxc4 10.
bxc4 Nc6 11. Qe2 Rc8 12. d3 a6 13. Ne1 Qc7 14. f4 Nb4 15. a3 Bxg2 16. Nxg2 Nc6 17. g4 Rb8 18. g5 Nd7 19. h4 b5 20. cxb5 axb5 21. h5 b4 22. axb4 Nxb4 23. Rab1 Rfd8 24.
h6 Bf8 25. Ne4 e5 26. hxg7 Bxg7 27. f5 Nf8 28. f6 Bh8 29. Nh4 Nxd3 30. Nf5 Ng6 31. Ba3 Rxb1 32. Rxb1 Qa5 33. Ne7+ Kf8 34. Nc6 Qxa3 35. Nxd8 c4 36. Rb8 Ke8 37. Nb7+ Kd7 38. Qg4+ Kc6 39. Nd8+ Kd5 40. Rb5+ Nc5 41. Rxc5+ Qxc5 42. Nxc5 Kxc5 43. Nxf7 c3 44. Nxh8 c2 45. Qc8+ Kd5 46. Nxg6 hxg6 47. Qxc2 e4 48. f7 Ke5 49.
f8=Q Ke6 50. Qc6+ 1-0

[Event "*** Qualifier 2: Titled Tuesday 3|2 Blitz"]
[Site "Chess.com"]
[Date "2017.04.11"]
[Round "1"]
[White "jefferyx"]
[Black "pastouche06"]
[Result "1-0"]
[WhiteElo "2590"]
[BlackElo "2295"]
[TimeControl "180+2"]
[EndTime "13:06:32 PDT"]
[Termination "jefferyx won by checkmate"]

1. d4 Nf6 2. Bf4 d5 3. e3 c5 4. c3 Nc6 5. Nf3 Qb6 6. Qb3 c4 7. Qc2 Bf5 8. Qc1 e6 9. Nbd2 h6 10. b3 cxb3 11. axb3 Be7 12. Be2 O-O 13. O-O Rfc8 14.
Qb2 Qd8 15. Rfc1 Bd6 16. Bxd6 Qxd6 17. c4 a5 18. Ne5 Nd7 19. Nxc6 bxc6 20. c5 Qc7 21. Ra4 e5 22. Rca1 exd4 23. exd4 Re8 24. Bf1 Qf4 25. b4 Rab8 26. Rxa5 Nf6 27. g3 Qg4 28. b5 Qh5 29. Qc3 Ng4 30. h3 Nxf2 31.
Kxf2 Bxh3 32. Nf3 Bg4 33. Bg2 Re6 34. Ra8 Rxa8 35. Rxa8+ Kh7 36. Ne5 Bh3 37. Qd3+ g6 38.
Qf3 Qg5 39. Qxf7# 1-0

[Event "*** Qualifier 2: Titled Tuesday 3|2 Blitz"]
[Site "Chess.com"]
[Date "2017.04.11"]
[Round "1"]
[White "Outsmiter"]
[Black "kjzsdu"]
[Result "0-1"]
[WhiteElo "2123"]
[BlackElo "2439"]
[TimeControl "180+2"]
[EndTime "13:06:33 PDT"]
[Termination "kjzsdu won by resignation"]

1. e4 c5 2. Nc3 Nc6 3. f4 e6 4.
Nf3 d6 5. Bb5 Bd7 6. O-O a6 7.
Bxc6 bxc6 8. e5 f5 9. d3 d5 10.
Na4 Qa5 11. c4 Rb8 12. b3 Ne7 13. Bd2 Qc7 14. Nxc5 Bc8 15. Kh1 Ng6 16. Ng5 Bxc5 17. Qh5 Kd8 18. Nxh7 Nf8 19. Qg5+ Be7 20. Qxg7 Rxh7 21.
Qg8 Ke8 22. Rf3 Bd8 23. Qg3 Qg7 24. Qe1 Bb6 25. Rg3 Qh6 26. Rh3 Qg6 27. Rg3 Qh5 28.
Rh3 Qg4 29. Rg3 Qh4 30. h3 Bd4 31. Rd1 dxc4 32. dxc4 c5 33. Ba5 Bb7 34. Rdd3 Be4 35. Rxd4 cxd4 36. Rg8 Qxh3+ 37. Kg1 0-1

[Event "*** Qualifier 2: Titled Tuesday 3|2 Blitz"]
[Site "Chess.com"]
[Date "2017.04.11"]
[Round "1"]
[White "chesstatour"]
[Black "FancyPlaySyndrome"]
[Result "0-1"]
[WhiteElo "1923"]
[BlackElo "2392"]
[TimeControl "180+2"]
[EndTime "13:06:50 PDT"]
[Termination "FancyPlaySyndrome won on time"]

1. c4 c5 2. Nc3 Nc6 3. Nf3 g6 4.
d4 cxd4 5. Nxd4 Bg7 6. Nc2 d6 7. g3 a6 8. Bg2 Bd7 9. O-O Rb8 10. a4 Nf6 11. e4 O-O 12. Qe2 Be6 13. b3 Nd7 14. Bb2 Nc5 15. b4 Nb3 16. Rad1 Nbd4 17. Nxd4 Nxd4 18. Qd3 b5 19. cxb5 axb5 20. Nxb5 Nxb5 21.
Bxg7 Kxg7 22. axb5 Qb6 23. Qd4+ Qxd4 24. Rxd4 Rxb5 25.
Rb1 Rfb8 26. f3 d5 27. f4 dxe4 28. Bxe4 Kf6 29. Kf2 h6 30. Ke3 h5 31. Bd3 R5b6 32. b5 h4 33. Ra4 hxg3 34. hxg3 Bf5 35.
Bxf5 Kxf5 36. Rab4 g5 0-1

[Event "*** Qualifier 2: Titled Tuesday 3|2 Blitz"]
[Site "Chess.com"]
[Date "2017.04.11"]
[Round "1"]
[White "maciek_92"]
[Black "Cecile_Haussernot"]
[Result "0-1"]
[WhiteElo "2502"]
[BlackElo "2262"]
[TimeControl "180+2"]
[EndTime "13:06:53 PDT"]
[Termination "Cecile_Haussernot won by checkmate"]

1. c4 e5 2. Nc3 Nc6 3. g3 g6 4.
Bg2 Bg7 5. e4 d6 6. Nge2 Nge7 7.
d3 h5 8. h3 O-O 9. O-O Be6 10. Kh2 Qd7 11. Nd5 Nd8 12. Bg5 f6 13.
Be3 c6 14. Ndc3 d5 15. cxd5 cxd5 16. d4 dxe4 17. Nxe4 Nf5 18. Nc5 Qf7 19. Nxe6 Nxe6 20. dxe5 fxe5 21. Qb3 h4 22. g4 Nfd4 23. Nxd4 exd4 24. Bd2 Kh7 25. f4 Nxf4 26. Qxb7 Qxb7 27. Bxb7 Rab8 28. Be4 Rxb2 29. Rf2 Nd3 30. Rg2 Nf2 31. Be1 Be5+ 32. Kg1 Nxh3+ 33. Kh1 Rf1+ 34. Rg1 Rh2# 0-1